 Dungeon Crawl Stone Soup version 0.30-a0-4-ga7cffc901d (webtiles) character file.

Game seed: 14591153626701033981

961 Flugkiller the Martial Artist (level 8, 0/66 (70) HPs)
             Began as a Meteoran Chaos Knight on Aug 21, 2022.
             Was a Plaything of Xom.
             Slain by Edmund
             ... wielding a +3 vorpal flail
              (1 damage)
             ... on level 5 of the Dungeon.
             The game lasted 00:05:37 (1349 turns).

Flugkiller the Martial Artist (MeCK)                Turns: 1349, Time: 00:05:38

HP:   0/66 (70)     AC:  7    Str: 15    XL:     8   Next: 64%
MP:   12/12         EV: 13    Int: 13    God:    Xom [..*...]
Gold: 142           SH:  0    Dex: 15    Spells: 8/11 levels left

rFire   . . .      SeeInvis .      - Unarmed
rCold   . . .      Faith    .    (no shield)
rNeg    . . .      Spirit   .    a - +2 leather armour
rPois   .          Reflect  .    l - +0 helmet
rElec   .          Harm     .    (no cloak)
rCorr   .          Rampage  .    (no gloves)
Will    +....                    c - +0 pair of boots
Stlth   +.........               (no amulet)
HPRegen 0.21/turn                (no ring)
MPRegen 0.13/turn                (no ring)

@: glowing, drained
A: sense surroundings 1, otherworldly, glowing, explore regen
a: Renounce Religion


You were on level 5 of the Dungeon.
You worshipped Xom.
You were a toy of Xom.
You visited 1 branch of the dungeon, and saw 5 of its levels.

You collected 142 gold pieces.

Inventory:

Missiles
 d - 3 boomerangs
 i - 3 javelins
Armour
 a - a +2 leather armour (worn)
 c - a +0 pair of boots (worn)
   (You found it on level 1 of the Dungeon)
 l - a +0 helmet (worn)
   (You found it on level 2 of the Dungeon)
Scrolls
 f - a scroll of immolation
 h - a scroll of magic mapping
 j - a scroll of noise {unknown}
 k - 2 scrolls of amnesia
 m - a scroll of poison
 t - 2 scrolls of teleportation
Potions
 e - a potion of cancellation
 g - a potion of flight
Miscellaneous
 b - a piece from Xom's chessboard (14/15) (quivered)


   Skills:
 - Level 5.8 Fighting
 - Level 2.4 Armour
 - Level 3.8 Dodging
 - Level 8.6 Unarmed Combat
 - Level 2.0 Spellcasting
 + Level 2.6 Transmutations
 - Level 1.0 Poison Magic


You had 8 spell levels left.
You knew the following spells:

 Your Spells              Type           Power      Damage    Failure   Level
a - Spider Form           Tmut/Pois      6%         N/A       41%         3

Your spell library contained the following spells:

 Spells                   Type           Power      Damage    Failure   Level
 Ensorcelled Hibernation  Hex/Ice        2%         N/A       43%         2
 Anguish                  Hex/Necr       0%         N/A       97%         4


Dungeon Overview and Level Annotations

Branches:
Dungeon (5/15) Zot: 1696
 Temple: D:4-7

Altars:
Cheibriados
Fedhas
Qazlal
Wu Jian
Zin

Annotations:
D:5 Edmund


Innate Abilities, Weirdness & Mutations

You passively map a small area around you.
You are easily found by Zot.
You glow in the dark.
You regain HP and MP as you explore.


Message History

You hit the necrophage but do no damage.
The necrophage is heavily damaged.
The necrophage closely misses you.
You closely miss the necrophage.
The necrophage is heavily damaged.
The necrophage barely misses you.
You barely miss the necrophage.
The necrophage is heavily damaged.
The necrophage hits you.
You feel drained.
You barely miss the necrophage.
The necrophage is heavily damaged.
The necrophage hits you but does no damage.
You hit the necrophage.
The necrophage is heavily damaged.
You closely miss the necrophage.
The necrophage is heavily damaged.
The necrophage hits you.
You barely miss the necrophage.
The necrophage is heavily damaged.
The necrophage hits you.
You feel drained.
You hit the necrophage.
The necrophage is severely damaged.
The necrophage misses you.
You closely miss the necrophage.
The necrophage is severely damaged.
The necrophage barely misses you.
You barely miss the necrophage.
The necrophage is severely damaged.
The necrophage hits you but does no damage.
You punch the necrophage!
You destroy the necrophage!
Your Transmutations skill increases to level 2!
Edmund attacks as you move away! Edmund hits you with a +3 vorpal flail.
You punch Edmund!
Edmund is lightly wounded.
You hit Edmund.
Edmund is moderately wounded.
Edmund hits you but does no damage.
You hit Edmund but do no damage.
Edmund is moderately wounded.
Edmund hits you but does no damage.
You punch Edmund!
Edmund is heavily wounded.
Edmund hits you with a +3 vorpal flail.
You punch Edmund!
Edmund is severely wounded.
Edmund hits you with a +3 vorpal flail.
You hit Edmund.
Edmund is severely wounded.
You hit Edmund but do no damage.
Edmund is severely wounded.
Edmund hits you with a +3 vorpal flail.
You barely miss Edmund.
Edmund is severely wounded.
Edmund hits you with a +3 vorpal flail.
You completely miss Edmund.
Edmund is severely wounded.
Edmund misses you.
You hit Edmund but do no damage.
Edmund is severely wounded.
Edmund barely misses you.
You barely miss Edmund.
Edmund is severely wounded.
Edmund closely misses you.
You barely miss Edmund.
Edmund is severely wounded.
Edmund closely misses you.
You punch Edmund!
Edmund is almost dead.
Edmund hits you with a +3 vorpal flail!
* * * LOW HITPOINT WARNING * * *
x2 You hit Edmund but do no damage.
Edmund is almost dead.
Edmund hits you but does no damage.
You hit Edmund but do no damage.
Edmund is almost dead.
You barely miss Edmund.
Edmund is almost dead.
Edmund closely misses you.
You hit Edmund but do no damage.
Edmund is almost dead.
Edmund hits you with a +3 vorpal flail.
* * * LOW HITPOINT WARNING * * *
x2 You hit Edmund but do no damage.
Edmund is almost dead.
Edmund hits you with a +3 vorpal flail!
* * * LOW HITPOINT WARNING * * *
x2
Okay, then.
You hit Edmund but do no damage.
Edmund is almost dead.
You hear the slow hiss of a very distant avalanche of sand.
Edmund hits you but does no damage.
You closely miss Edmund. Your punch misses Edmund.
Edmund is almost dead.
You barely miss Edmund.
Edmund is almost dead.
Edmund hits you with a +3 vorpal flail.
* * * LOW HITPOINT WARNING * * *
You die... "I guess I need a new plaything now."

*** ***...........#
, #..........# , ,*
#..........# *
###..........# *
####............#
#....#..†.......###
#.####............#
#.# #..........#.*
##.# #######@.#....
####..#
#.....@###...
.....## #....†##!#
, ...### #......@.#
, , .#.#
#...#.##.#* * ##..#
#..#### ,.# *, ...#
#.# , .. #### #. *,
, ## # , ,


You could see Edmund.

Vanquished Creatures
  Grinder (D:3)
  2 water moccasins (D:4)
  An orc warrior (D:4)
  A black bear (D:5)
  A necrophage (D:5)
  A scorpion (D:4)
  2 orc priests
  An iguana (D:4)
  Jessica (D:3)
  3 adders
  A shadow imp (D:5)
  A worm (D:2)
  2 dart slugs
  16 orcs
  An endoplasm (D:4)
  A giant cockroach (D:3)
  6 goblins
  4 hobgoblins (D:3)
  5 kobolds
  4 quokkas
  4 ball pythons
  4 bats
  5 frilled lizards
  2 rats
70 creatures vanquished.

Vanquished Creatures (collateral kills)
  An orc wizard (D:4)
  2 orcs (D:4)
  A ball python (D:4)
  A hobgoblin (D:4)
5 creatures vanquished.

Vanquished Creatures (others)
  A fungus (D:3)
  4 plants (D:3)
5 creatures vanquished.

Grand Total: 80 creatures vanquished

Notes
Turn   | Place    | Note
-------+----------+-------------------------------------------
     0 | D:1      | Flugkiller the Meteoran Chaos Knight began the quest for
                  | the Orb.
     0 | D:1      | Reached XP level 1. HP: 19/19 MP: 2/2
    47 | D:1      | XOM: silly message
    73 | D:1      | XOM: divination: magic mapping
   136 | D:1      | Reached skill level 4 in Unarmed Combat
   149 | D:1      | Reached XP level 2. HP: 26/26 MP: 3/3
   204 | D:1      | XOM: potion effect (might)
   459 | D:3      | Reached XP level 3. HP: 25/31 MP: 4/4
   562 | D:2      | Reached skill level 5 in Unarmed Combat
   608 | D:3      | Noticed Jessica
   610 | D:3      | XOM: potion effect (berserk rage)
   611 | D:3      | XOM: potion effect (haste)
   613 | D:3      | Killed Jessica
   614 | D:3      | Reached XP level 4. HP: 36/38 MP: 5/5
   645 | D:4      | Found an ornate altar of the Wu Jian Council.
   710 | D:3      | Reached skill level 6 in Unarmed Combat
   725 | D:3      | XOM: silly message
   739 | D:3      | Reached XP level 5. HP: 25/45 MP: 6/6
   817 | D:3      | Noticed Grinder
   821 | D:3      | Paralysed by Grinder for 3 turns
   850 | D:3      | XOM: potion effect (might)
   851 | D:3      | Killed Grinder
   852 | D:3      | Reached skill level 8 in Unarmed Combat
   852 | D:3      | Reached XP level 6. HP: 17/51 MP: 7/7
   892 | D:3      | Found a blossoming altar of Fedhas.
   897 | D:3      | Found a stormy altar of Qazlal.
   902 | D:3      | Reached XP level 7. HP: 56/57 MP: 8/8
   917 | D:3      | Found a snail-covered altar of Cheibriados.
  1012 | D:4      | Noticed a water moccasin
  1016 | D:4      | XOM: noise
  1027 | D:4      | Noticed a water moccasin
  1035 | D:4      | Killed a water moccasin
  1043 | D:4      | Killed a water moccasin
  1050 | D:4      | Reached XP level 8. HP: 23/67 MP: 9/9
  1064 | D:4      | Reached skill level 5 in Fighting
  1105 | D:4      | XOM: silly message
  1115 | D:4      | XOM: summons friendly iron imp
  1195 | D:4      | Learned a level 3 spell: Spider Form
  1238 | D:5      | Entered Level 5 of the Dungeon
  1267 | D:5      | Found a glowing silver altar of Zin.
  1295 | D:5      | Reached skill level 1 in Spellcasting
  1295 | D:5      | Reached skill level 1 in Transmutations
  1295 | D:5      | Reached skill level 1 in Poison Magic
  1306 | D:5      | Noticed Edmund
  1346 | D:5      | HP: 3/66 [Edmund/+3 vorpal flail (7)]
  1349 | D:5      | HP: 1/66 [Edmund/+3 vorpal flail (2)]
  1349 | D:5      | Slain by Edmund

Illustrated notes

Levels and vault maps discovered:
D:1:      ncdulo_watergridlock, layout_loops_cross, basic_ecumenical_altar
D:2:      layout_rooms
D:3:      layout_basic, grunt_temple_overflow_forces_of_nature,
          mainiacjoe_overflow_catwalk, kennysheep_donut, uniq_grinder,
          uniq_jessica
D:4:      layout_loops_corners, mainiacjoe_overflow_tiny_flanked,
          nicolae_overflow_crystal_walls, serial_bayou_pond_e
D:5:      layout_rooms, lemuel_crystal_altar,
          nicolae_ru_great_annihilating_truth, nicolae_ossuary_entry_giza,
          chequers_serial_rivers_micro_b, minmay_fractal_squares_gapless_5,
          uniq_edmund

Skill      XL: |  1  2  3  4  5  6  7  8 |
---------------+-------------------------+-----
Unarmed Combat | 4 5 6 8 |  8.6
Fighting       | 4 5 |  5.8
Dodging        | 3 |  3.8
Spellcasting   | 2 |  2.0
Transmutations | 2 |  2.6
Poison Magic   | 1 |  1.0
Armour         | |  2.4

Action                   |  1- 3 |  4- 6 |  7- 9 || total
-------------------------+-------+-------+-------++-------
Melee: Unarmed           |    85 |    59 |   161 ||   305
       Punch             |     3 |     1 |     9 ||    13
Evoke: Piece from Xom's  |       |     4 |     3 ||     7
  Use: Potion            |       |     5 |     3 ||     8
       Scroll            |       |       |     5 ||     5
Armor: Leather armour    |    38 |    22 |    50 ||   110
Dodge: Dodged            |    44 |    12 |    59 ||   115

Table legend: (Time is in decaauts)
 A = Elapsed time spent in this place.
 B = Non-inter-level travel time spent in this place.
 C = Inter-level travel time spent in this place.
 D = Time resting spent in this place.
 E = Time spent auto-exploring this place.
 F = Levels seen in this place.
 G = Mean time per level.
                   A        B        C        D        E       F      G
               +--------+--------+--------+--------+--------+-----+--------+
         Total |   1303 |   1284 |     19 |      0 |    184 |   5 |  260.6 |
       Dungeon |   1303 |   1284 |     19 |      0 |    184 |   5 |  260.6 |
               +--------+--------+--------+--------+--------+-----+--------+

Top non-repeatable levels by time:
     D:3: 375 daAuts
     D:1: 308 daAuts
     D:4: 298 daAuts
     D:2: 219 daAuts
     D:5: 101 daAuts
